cohdb
Replays
Latest Replays
All Replays
Popular Replays
Top Player Replays
Match Explorer
How It Works
Community
CoH3 Stats
Reddit
Sign in to upload your games and track your stats! →
Sign in with Steam
Match 42392220
Unlisted
Match 42392220
Overview
Messages
Build Orders
End
Construct Barracks
Selects Special Operations Battlegroup
Selects M29 Weasel Recon Vehicle
M29 Weasel Recon Vehicle
Riflemen Squad
Riflemen Squad
Grenade Package
Riflemen Squad
Infantry Support Center
Construct Motor Pool
M8 Greyhound Armored Car
Construct Medical Station
Construct Weapon Support Center
Sniper
Selects Raiding Flares
Selects SSF Commando Squad
Selects Assault Operation
M1 Mortar Team
M24 Chaffee Light Tank
SSF Commando Squad
Assault Operation
Engineer Squad
Advanced Logistics
M1 Anti-tank Gun Team
Assault Operation
Big Ounce
Brother
0
0
Comments
sign in to comment!
No comments posted yet!